cohdb
Replays
Latest Replays
All Replays
Popular Replays
Top Player Replays
Match Explorer
How It Works
Community
CoH3 Stats
Reddit
Sign in to upload your games and track your stats! →
Sign in with Steam
Match 20113798
Unlisted
Match 20113798
Overview
Messages
Build Orders
End
Construct Infanterie Kompanie
Selects Breakthrough Battlegroup
GrW 34 Mortar Team
MG 42 Machine Gun Team
Grenadier Squad
Selects Assault Grenadiers
Grenadier Squad
Construct Panzergrenadier Kompanie
Selects 2.5-tonne Cargo Truck
Medical Bunker
251 Medium Carrier
Pak 40 Anti-tank Gun Team
Construct Panzer Kompanie
Stoßtruppen Squad
Medical Bunker
Panzer IV Medium Tank
AI Takeover
CPU -- Easy
ECO ZULU Starsilver
MonoChrome
asdqwe
0
0
Comments
sign in to comment!
No comments posted yet!